 Dungeon Crawl Stone Soup version 0.26.1-11-gd32895ea62 (webtiles) character file.

Game seed: 3753369927886142289

18745 Zeld the Cruncher (level 12, -29/83 HPs)
             Began as an Octopode Gladiator on May 18, 2021.
             Was an Elder of Wu Jian.
             Killed from afar by Jorgrun (55 damage)
             ... with a blast of rock fragments
             ... on level 13 of the Dungeon.
             The game lasted 00:25:01 (27501 turns).

Zeld the Cruncher (Octopode Gladiator)             Turns: 27501, Time: 00:25:02

Health: -29/83     AC:  3    Str: 13    XL:     12   Next: 61%
Magic:  12/12      EV: 21    Int: 11    God:    Wu Jian [****..]
Gold:   224        SH:  0    Dex: 24    Spells: 11/11 levels left

rFire    . . .     SeeInvis .   a - +5 quarterstaff
rCold    . . .     Faith    .   (shield currently unavailable)
rNeg     + . .     Spirit   .   b - +2 hat
rPois    .         Reflect  .   g - amulet of the acrobat
rElec    .         Harm     .   t - ring of willpower
rCorr    .         Rampage  .   B - +6 ring of dexterity
Will     +....                  G - ring of positive energy
Stlth    +++.......             (no ring)
HPRegen  0.23/turn              (no ring)
MPRegen  0.13/turn              (no ring)
                                (no ring)
                                (no ring)

@: no status effects
A: almost no armour, stealthy swim, amphibious, 8 rings, constrict 8, camouflage
1, gelatinous body 1
a: Renounce Religion, Wall Jump, Serpent's Lash


You were on level 13 of the Dungeon.
You worshipped Wu Jian.
Wu Jian was greatly pleased with you.
You visited 2 branches of the dungeon, and saw 14 of its levels.
You also visited: Sewer.

You collected 748 gold pieces.
You spent 524 gold pieces at shops.

Inventory:

Hand Weapons
 a - a +5 quarterstaff (weapon)
 u - a +4 quarterstaff of chaos
Missiles
 c - 6 throwing nets (quivered)
Armour
 b - a +2 hat (worn)
Jewellery
 g - an amulet of the acrobat (around mantle)
 t - a ring of willpower (left tentacle)
 B - a +6 ring of dexterity (right tentacle)
 G - a ring of positive energy (on tentacle)
Wands
 d - a wand of paralysis (9)
 f - a wand of iceblast (11)
 r - a wand of enslavement (4)
 s - a wand of flame (43)
 v - a wand of digging (7)
 y - a wand of polymorph (11)
 A - a wand of random effects (30)
 I - a wand of acid (4)
Scrolls
 h - 9 scrolls of remove curse
 j - 3 scrolls of amnesia
 p - 4 scrolls of magic mapping
 x - 3 scrolls of enchant armour
Potions
 e - 4 potions of flight
 l - 7 potions of brilliance
 m - 6 potions of haste
 n - 4 potions of ambrosia {unknown}
 o - 4 potions of attraction {unknown}
 q - 2 potions of invisibility {unknown}
 w - 3 potions of resistance
 z - 2 potions of berserk rage {unknown}
 D - a potion of degeneration {unknown}
 F - 3 potions of mutation {unknown}
Miscellaneous
 C - a box of beasts
 E - a tin of tremorstones (2/2)


   Skills:
 * Level 8.2 Fighting
 - Level 14.0 Staves
 - Level 6.0 Throwing
 * Level 8.6 Dodging
 * Level 8.6 Evocations


You had 11 spell levels left.
You didn't know any spells.
Your spell library contained the following spells:

 Spells                   Type           Power        Failure   Level
 Animate Skeleton         Necr           0%           34%         1
 Apportation              Tloc           0%           34%         1
 Corona                   Hex            0%           34%         1
 Sandblast                Erth           0%           34%         1
 Summon Small Mammal      Summ           0%           34%         1
 Passwall                 Tmut/Erth      0%           47%         2
 Confusing Touch          Hex            0%           71%         3
 Gell's Gravitas          Tloc           0%           71%         3
 Stone Arrow              Conj/Erth      0%           71%         3
 Petrify                  Tmut/Erth      0%           98%         4
 Lee's Rapid Deconstruct  Erth           0%           100%        5
 Metabolic Englaciation   Hex/Ice        0%           100%        5
 Yara's Violent Unravell  Hex/Tmut       0%           100%        5


Dungeon Overview and Level Annotations

Branches:
Dungeon (13/15)            Temple (1/1) D:7            Lair (0/6) D:9
    Orc (0/2) D:12         Vaults (0/5) D:13          Sewer (visited)

Altars:
Ashenzari
Cheibriados
Dithmenos
Elyvilon
Fedhas
Gozag
Hepliaklqana
Kikubaaqudgha
Makhleb
Nemelex Xobeh
Okawaru
Qazlal
Ru
Sif Muna
Trog
Uskayaw
Vehumet
Wu Jian
Xom
Yredelemnul
Zin
The Shining One
Beogh

Shops:
D:4 [=((   D:11 }

Annotations:
D:10 1 exclusion
D:13 Jorgrun


Innate Abilities, Weirdness & Mutations

You cannot wear most types of armour.
You are very stealthy in the water. (Stealth+)
You are amphibious.
You can wear up to eight rings at the same time.
You can use your tentacles to constrict eight enemies at once.
Your skin changes colour to match your surroundings (Stealth+).
Your rubbery body absorbs attacks. (AC +1, EV +1)


Message History

The vault guard shouts!
Jorgrun shouts!
Found a stone.
Okay, then.
You spin and attack the kobold repeatedly.
You sock the kobold!
You kill the kobold!
The Council accepts your kill.
You hear a shout!
The kobold throws a stone.
The stone misses you.
The stone hits Jorgrun but does no damage.
The kobold throws a stone.
The stone completely misses you.
You spin and attack Jorgrun repeatedly.
You completely miss Jorgrun. Your grab misses Jorgrun. You sock Jorgrun!
You grab Jorgrun. You squeeze Jorgrun, but do no damage.
Jorgrun is lightly wounded.
You constrict Jorgrun. Jorgrun gestures at you while chanting.
The wall shatters!
The blast of rock fragments hits you!!!
Ouch! That really hurt!
You die...

#......W#
######.##
#p# ##.##
#######Y..#
###
#....ppW∩..
#..
#.#####...#
####.####
#p# ##.##
#....@..#
#.# #.#
#....g..#
#K# #.#
#(.(..K.#
#..


KY. #.......####.## p.. #...)p.......# #....K..###### #.......# #####.### #K.
You could see Jorgrun, a vault guard and 2 kobolds.

Vanquished Creatures
  3 vault guards (D:12)
  A two-headed ogre (D:12)
  2 ugly things
  A manticore (D:12)
  An elephant (D:9)
  A gargoyle (D:12)
  A kobold demonologist (D:11)
  A troll (D:11)
  A polar bear (D:10)
  The ghost of nomophobia the Bolt Thrower, an amateur KoHu of Gozag (D:3)
  A centaur simulacrum (D:10)
  19 yaks
  2 vampires
  2 wyverns
  2 fire bats (D:5)
  A basilisk (D:9)
  3 vampire mosquitoes (D:12)
  Menkaure (D:6)
  An acid dragon (D:11)
  Duvessa (D:5)
  A water moccasin (D:9)
  5 black bears
  7 orc warriors
  5 ice beasts
  An eye of draining (D:9)
  3 phantoms
  3 sky beasts
  9 centaurs
  3 wolves (D:10)
  8 ogres
  10 big kobolds
  5 bullfrogs
  A gnoll sergeant (D:11)
  Dowan (D:5)
  2 scorpions (D:11)
  13 killer bees
  7 wights (D:8)
  8 electric eels
  A bullfrog zombie (D:11)
  A bullfrog skeleton (D:6)
  4 hounds
  A jelly (D:12)
  A wyvern simulacrum (D:10)
  6 orc priests
  4 centaur skeletons
  Jessica (D:3)
  3 gnoll shamans (D:12)
  6 iguanas
  Crazy Yiuf (D:6)
  9 orc wizards
  7 worker ants
  A killer bee zombie (D:5)
  3 bullfrog simulacra (D:10)
  3 hound skeletons
  2 hound zombies
  A howler monkey zombie (D:5)
  A worker ant zombie (D:10)
  A howler monkey skeleton (D:5)
  20 adders
  11 gnolls
  A hound simulacrum (D:10)
  9 white imps
  A worker ant simulacrum (D:10)
  3 ufetubi
  An ooze (D:3)
  4 dart slugs
  4 leopard geckos
  26 orcs
  5 bats
  11 giant cockroaches
  5 goblins
  3 hobgoblins
  2 quokkas
  2 ball pythons
  5 frilled lizards
  26 kobolds
  13 rats
347 creatures vanquished.

Vanquished Creatures (others)
  A vault guard (D:12)
  A yak (D:9)
  A human (D:3)
  8 fungi
  13 plants
24 creatures vanquished.

Grand Total: 371 creatures vanquished

Notes
Turn   | Place    | Note
-------+----------+-------------------------------------------
     0 | D:1      | Zeld the Octopode Gladiator began the quest for the Orb.
     0 | D:1      | Reached XP level 1. HP: 14/14 MP: 1/1
   300 | D:1      | Reached XP level 2. HP: 19/19 MP: 2/2
   336 | D:1      | Found an iron altar of Okawaru.
   597 | D:1      | Reached XP level 3. HP: 21/24 MP: 3/3
  1884 | D:2      | Reached skill level 4 in Staves
  1884 | D:2      | Reached XP level 4. HP: 26/29 MP: 4/4
  2215 | D:3      | Found a faded altar of an unknown god.
  2261 | D:3      | Noticed Jessica
  2266 | D:3      | Killed Jessica
  2267 | D:3      | Reached XP level 5. HP: 30/34 MP: 5/5
  2730 | D:3      | Reached skill level 5 in Staves
  2748 | D:3      | You fall into a shaft and drop 2 floors!
  2748 | D:5      | Entered Level 5 of the Dungeon
  2749 | D:5      | Noticed a centaur
  2754 | D:5      | Reached XP level 6. HP: 39/39 MP: 6/6
  2759 | D:5      | Noticed a sky beast
  2789 | D:5      | Noticed Duvessa
  2790 | D:5      | Noticed Dowan
  2859 | D:4      | Found Vimipt's Weapon Shop.
  2916 | D:4      | Found a sacrificial altar of Ru.
  2936 | D:4      | Found a sparkling altar of Nemelex Xobeh.
  2951 | D:4      | Found a glowing drain.
  3003 | Sewer    | Entered a sewer
  3090 | Sewer    | Reached skill level 5 in Throwing
  3422 | Sewer    | Reached XP level 7. HP: 25/45 MP: 7/7
  3464 | Sewer    | HP: 2/45 [big kobold (5)]
  3466 | Sewer    | Reached skill level 6 in Staves
  3895 | D:3      | Found a large runed translucent door.
  3896 | D:3      | Found a large runed translucent door.
  3897 | D:3      | Noticed nomophobia's ghost (amateur KoHu)
  3941 | D:3      | Found a shimmering blue altar of Sif Muna.
  3989 | D:3      | Found a glowing golden altar of the Shining One.
  4130 | D:3      | Found an ancient bone altar of Kikubaaqudgha.
  4133 | D:3      | Noticed a human
  4135 | D:3      | Killed a human
  4371 | D:4      | Reached skill level 7 in Staves
  4710 | D:4      | Found Niffecwi's Armour Shop.
  4749 | D:4      | Found Awkuschai's Jewellery Shop.
  4781 | D:4      | Reached XP level 8. HP: 42/50 MP: 8/8
  4880 | D:4      | Found Vissuob's Weapon Shop.
  4930 | D:5      | Found a transporter.
  5257 | D:5      | Killed Duvessa
  5258 | D:5      | Reached skill level 8 in Staves
  5260 | D:5      | Killed Dowan
  5609 | D:5      | Found a hazy altar of Hepliaklqana.
  5610 | D:5      | Found a shadowy altar of Dithmenos.
  5610 | D:5      | Noticed a shadow
  5780 | D:5      | Reached skill level 9 in Staves
  5874 | D:5      | Found a transporter.
  6010 | D:6      | Found the +6 shillelagh "Devastator" {shatter}
  6376 | D:6      | Noticed Menkaure
  6663 | D:6      | Killed Menkaure
  6664 | D:6      | Reached skill level 10 in Staves
  6664 | D:6      | Reached XP level 9. HP: 54/54 MP: 9/9
  6798 | D:6      | Found a runed translucent door.
  6799 | D:6      | Noticed Crazy Yiuf
  6806 | D:6      | Killed Crazy Yiuf
  7002 | D:6      | Found a snail-covered altar of Cheibriados.
  7003 | D:6      | Found an ornate altar of the Wu Jian Council.
  7121 | D:6      | Became a worshipper of the Wu Jian Council
  7714 | D:6      | Reached skill level 11 in Staves
  8059 | D:7      | Found a staircase to the Ecumenical Temple.
  8073 | Temple   | Entered the Ecumenical Temple
  8678 | D:7      | Found a stormy altar of Qazlal.
  8679 | D:7      | Found a white marble altar of Elyvilon.
  8794 | D:8      | Found a broken altar of Ashenzari.
  9558 | D:8      | Reached skill level 12 in Staves
 10330 | D:8      | Reached XP level 10. HP: 52/60 MP: 10/10
 10418 | D:8      | Noticed a cyan ugly thing
 11798 | D:8      | Found a bloodstained altar of Trog.
 12326 | D:8      | Killed a cyan ugly thing
 12327 | D:8      | Reached skill level 13 in Staves
 12541 | D:9      | Found a staircase to the Lair.
 12541 | D:9      | Noticed an elephant
 12585 | D:9      | Killed an elephant
 12589 | D:9      | Reached * piety under Wu Jian
 12829 | D:9      | Found a radiant altar of Vehumet.
 12844 | D:9      | Reached skill level 14 in Staves
 13023 | D:9      | Reached skill level 1 in Evocations
 14317 | D:10     | Entered Level 10 of the Dungeon
 14433 | D:10     | Reached XP level 11. HP: 53/68 MP: 11/11
 14670 | D:10     | Reached ** piety under Wu Jian
 14946 | D:10     | Reached skill level 5 in Dodging
 15945 | D:10     | Found a burning altar of Makhleb.
 16299 | D:11     | Reached skill level 5 in Fighting
 16465 | D:11     | Noticed a white ugly thing
 16466 | D:11     | Found a shimmering altar of Xom.
 16766 | D:11     | Reached *** piety under Wu Jian
 16767 | D:11     | Reached skill level 5 in Evocations
 19111 | D:11     | Found Dariubuw's Gadget Shop.
 19130 | D:11     | Bought a wand of flame (17) for 142 gold pieces
 19130 | D:11     | Bought a wand of paralysis (10) for 180 gold pieces
 19130 | D:11     | Bought a wand of enslavement (6) for 120 gold pieces
 19130 | D:11     | Bought a wand of random effects (9) for 82 gold pieces
 19311 | D:11     | Noticed a boulder beetle
 20289 | D:9      | Found a radiant altar of Vehumet.
 20568 | D:9      | Found a staircase to the Lair.
 22096 | D:3      | Killed nomophobia's ghost
 23090 | D:12     | Found a staircase to the Orcish Mines.
 23401 | D:12     | Noticed a two-headed ogre
 23408 | D:12     | Noticed a manticore
 23420 | D:12     | Killed a manticore
 23421 | D:12     | Reached XP level 12. HP: 52/80 MP: 12/12
 24978 | D:12     | Killed a two-headed ogre
 25197 | D:13     | Noticed a vault guard
 25197 | D:13     | Noticed a vault guard
 25197 | D:13     | Noticed a vault guard
 25198 | D:13     | Found a gate to the Vaults.
 25198 | D:13     | Noticed a vault guard
 25198 | D:13     | Noticed a vault guard
 25198 | D:13     | Noticed a vault guard
 25218 | D:12     | Killed a vault guard
 25768 | D:12     | Killed a vault guard
 26116 | D:13     | Reached **** piety under Wu Jian
 26166 | D:12     | Killed a vault guard
 26737 | D:13     | Noticed a death knight
 27236 | D:13     | Found a roughly hewn altar of Beogh.
 27239 | D:13     | Noticed a vault guard
 27497 | D:13     | Noticed Jorgrun
 27497 | D:13     | Noticed a vault guard
 27501 | D:13     | Killed from afar by Jorgrun

Illustrated notes

Levels and vault maps discovered:
D:1:      mrwooster_arrival_statue_3, layout_basic, okawaru_ov_weapons_minmay
D:2:      layout_loops_ring
D:3:      layout_basic, tgw_sif, lemuel_crystal_altar,
          ebering_ghost_disaster_area, chequers_ecumenical_altar_simple_redux,
          hangedman_abyss_or_decor_stabs, tgw_kikubaaqudgha, uniq_jessica
D:4:      layout_basic, grunt_temple_overflow_open, serial_shops, shop,
          nicolae_shop_behind_doors, kennysheep_mini, shop, portal_sewer_entry_d
D:5:      gammafunk_cloud_chamber, layout_rooms,
          riverfiend_overflow_shadow_ancestor, uniq_duvessa
D:6:      layout_cave_pools, gammafunk_temple_overflow_statue,
          roderic_filled_cross, uniq_menkaure, uniq_crazy_yiuf_cottage
D:7:      layout_rooms, minitemple, minmay_temple_entry_water_ring
D:8:      layout_loops_corners, nicolae_ashenzari_panopticon,
          kennysheep_mini_moat, water_boxes_lemuel
D:9:      layout_roguey, david_lair_generic, basic_altar
D:10:     layout_irregular_city, serial_ice, serial_ice_m, serial_ice_f,
          serial_ice_e, serial_ice_d, serial_ice_i, serial_ice_h, serial_ice_a,
          serial_ice_o, serial_ice_n, serial_ice_g, basic_altar,
          minmay_crystal_water
D:11:     layout_loops_ring, basic_altar, serial_shops, shop, item_on_display_a
D:12:     kennysheep_seaside_town, layout_basic, orc_0_dummy
D:13:     layout_roguey [special_room_orc], erik_vaults_2, grunt_ogre_cave,
          cheibriados_altar_1, uniq_jorgrun
Temple:   jpeg_temple_island

Skill      XL: |  1  2  3  4  5  6  7  8  9 10 11 12 |
---------------+-------------------------------------+-----
Throwing       | 3 4 5 6 |  6.0
Staves         | 4 5 7 10 12 14 | 14.0
Evocations     | 3 7 8 |  8.6
Fighting       | 3 6 8 |  8.2
Dodging        | 4 7 8 |  8.6

Action                   |  1- 3 |  4- 6 |  7- 9 | 10-12 || total
-------------------------+-------+-------+-------+-------++-------
Melee: Quarterstaff      |    47 |    96 |   246 |   687 ||  1076
       Constrict         |    14 |    23 |    51 |   101 ||   189
       Tentacles         |     9 |    19 |    65 |   234 ||   327
Invok: Lunge             |       |       |    11 |    57 ||    68
       Whirlwind         |       |       |       |    15 ||    15
       Serpent's Lash    |       |       |       |     1 ||     1
Evoke: Box of beasts     |       |       |       |     1 ||     1
       Wand              |       |       |       |    12 ||    12
  Use: Scroll            |       |    10 |     7 |    16 ||    33
       Potion            |       |       |     4 |    11 ||    15
 Stab: Sleeping          |     6 |     7 |     5 |    15 ||    33
       Distracted        |       |       |     1 |     5 ||     6
       Paralysed         |       |       |       |     2 ||     2
Armor: Skin              |     3 |     3 |    17 |    30 ||    53
Dodge: Dodged            |    39 |    68 |   157 |   403 ||   667
